 Dungeon Crawl Stone Soup version 0.25.1-9-gc5326a611f (webtiles) character file.

Game seed: 16355090865674247044

21 sizableburger the Firebug (level 2, 27/27 HPs)
             Began as an Ogre Fire Elementalist on Nov 3, 2020.
             Quit the game on level 1 of the Dungeon on Jan 5, 2021.
             The game lasted 00:02:41 (290 turns).

sizableburger the Firebug (Ogre Fire Elementalist)   Turns: 290, Time: 00:02:42

Health: 27/27      AC:  3    Str: 11    XL:     2   Next: 87%
Magic:  5/5        EV: 10    Int: 16    God:
Gold:   30         SH:  0    Dex:  9    Spells: 4/5 levels left

rFire    . . .     SeeInvis .   (no weapon)
rCold    . . .     Gourm    .   (no shield)
rNeg     . . .     Faith    .   a - +0 robe
rPois    .         Spirit   .   (helmet restricted)
rElec    .         Reflect  .   (no cloak)
rCorr    .         Harm     .   (gloves unavailable)
MR       .....                  (boots unavailable)
Stlth    +.........             (no amulet)
HPRegen  0.09/turn              (no ring)
MPRegen  0.09/turn              (no ring)

@: no status effects
A: large, unfitting armour, tough skin 1
a: no special abilities


You were on level 1 of the Dungeon.
You were not hungry.

You visited 1 branch of the dungeon, and saw 1 of its levels.

You collected 30 gold pieces.

Inventory:

Armour
 a - a +0 robe (worn)
Jewellery
 b - a cursed -4 ring of evasion {unknown}
Potions
 e - a potion of might {unknown}
Comestibles
 c - 2 rations
 d - 9 chunks of flesh


   Skills:
 + Level 1.1 Fighting
 - Level 2.2 Dodging
 - Level 1.4 Stealth
 - Level 2.4 Spellcasting
 - Level 0.8 Conjurations
 + Level 3.2 Fire Magic


You had 4 spell levels left.
You knew the following spells:

 Your Spells              Type           Power        Failure   Level  Hunger
a - Foxfire               Conj/Fire      #...         9%          1    #......

Your spell library contained the following spells:

 Spells                   Type           Power        Failure   Level  Hunger
 Conjure Flame            Conj/Fire      #.......     26%         3    ###....
 Inner Flame              Hex/Fire       #.......     30%         3    ###....
 Sticky Flame             Conj/Fire      #.......     65%         4    #####..
 Fireball                 Conj/Fire      #.........   94%         5    ######.


Dungeon Overview and Level Annotations

Branches:
Dungeon (1/15)

Altars:


Innate Abilities, Weirdness & Mutations

You are too large for most types of armour.
You have tough skin. (AC +1)


Message History

No target in view!
No target in view!
No target in view!
You see here a dart slug corpse.
You butcher the dart slug corpse.
d - 6 chunks of flesh (gained 1)
You see here a hobgoblin corpse.
You butcher the hobgoblin corpse.
d - 9 chunks of flesh (gained 3)
You see here a hobgoblin skeleton.
Okay, then.
Welcome back, sizableburger the Ogre Fire Elementalist.
Press ? for a list of commands and other information.
Magic restored.
Found a stone staircase leading down.
e - a metallic amethyst potion Welcome back, sizableburger the Ogre Fire Elementalist.
Press ? for a list of commands and other information.
You swing at nothing.
Are you sure you want to abandon this character and quit the game? (Confirm with "yes".)

..####.÷...#.#.>.#........
...........#.#............
.............#...##....#.#
#######...................
#...#.#.#.........#.##
##.###.#.#...####...... .
###..###...........÷.....
.###
#...###..........##...###
(.#
#..###..@...........)....
...
#......##########....####
#.# #.###>## #....# #.#
#.....# ##....## #.##
#.##### #....... ##..####.#
##.#..... #..#..##.#
##########.....#####
##.####.#.#
##................... ...<#
#.#####.....###...........#


There were no monsters in sight!

Vanquished Creatures
  An ooze (D:1)
  3 dart slugs (D:1)
  2 bats (D:1)
  A giant cockroach (D:1)
  A goblin (D:1)
  A hobgoblin (D:1)
  2 rats (D:1)
11 creatures vanquished.

Vanquished Creatures (others)
  26 foxfires (D:1)
26 creatures vanquished.

Grand Total: 37 creatures vanquished

Notes
Turn   | Place    | Note
-------+----------+-------------------------------------------
     0 | D:1      | sizableburger the Ogre Fire Elementalist began the quest
                  | for the Orb.
     0 | D:1      | Reached XP level 1. HP: 16/16 MP: 3/3
   102 | D:1      | Reached skill level 3 in Fire Magic
   102 | D:1      | Reached XP level 2. HP: 22/24 MP: 3/5
   250 | D:1      | Reached skill level 1 in Fighting
   289 | D:1      | Upgraded the game from 0.25.1-2-g60ff931df9 to
                  | 0.25.1-9-gc5326a611f
   290 | D:1      | Quit the game

Illustrated notes

Levels and vault maps discovered:
D:1:      dpeg_arrival_round_a, layout_rooms

Skill      XL: |  1  2 |
---------------+-------+-----
Dodging        | 2 |  2.2
Fire Magic     | 3 |  3.2
Fighting       | 1 |  1.1
Stealth        | |  1.4
Spellcasting   | |  2.4
Conjurations   | |  0.8

Action                   || total
-------------------------++-------
Melee: Unarmed           ||    12
 Cast: Foxfire           ||    14
Armor: Robe              ||     6
Dodge: Dodged            ||    10
